 Dungeon Crawl Stone Soup version 0.13.0 (webtiles) character file.

1934 Lilouch the Slasher (level 8, 0/64 HPs)
             Began as a Demigod Fighter on Oct 11, 2013.
             Slain by an orc warrior
             ... wielding a +1,+1 orcish flail
              (8 damage)
             ... on Level 5 of the Dungeon.
             The game lasted 00:45:58 (6144 turns).

Lilouch the Slasher (Demigod Fighter)               Turns: 6144, Time: 00:45:59

HP   0/64        AC 18     Str 22      XL: 8   Next: 46%
MP  13/13        EV  6     Int 14      God:
Gold 213         SH 22     Dex 16      Spells:  0 memorised,  7 levels left

Res.Fire  : . . .   See Invis. : .   a - +0 falchion
Res.Cold  : . . .   Warding    : .   P - +0 dwarf chain mail
Life Prot.: . . .   Conserve   : .   c - +0 shield (curse)
Res.Poison: .       Res.Corr.  : .   w - +2 crested helmet
Res.Elec. : .       Clarity    : +   M - +1 cloak
Sust.Abil.: . .     Spirit.Shd : .   u - +0 pair of gauntlets (curse)
Res.Mut.  : .       Stasis     : .   o - +0 pair of boots
Res.Rott. : .       Flight     : .   q - amulet of clarity
Saprovore : . . .                    (no ring)
                                     (no ring)

@: somewhat resistant to hostile enchantments, extremely unstealthy
A: no striking features
a: no special abilities


You were on level 5 of the Dungeon.
You were hungry.

You visited 1 branch of the dungeon, and saw 6 of its levels.

You collected 193 gold pieces.

Inventory:

Hand weapons
 a - a +0,+0 falchion (weapon)
 p - a +0 blowgun
 r - a +0,+0 sabre
 L - a +3,+2 quarterstaff of chaos
 N - a +0,+0 sabre
Missiles
 j - an exploding dart (quivered)
 t - 8 curare-tipped needles
 v - 15 poisoned needles
 x - 67 darts
 y - 80 stones
Armour
 c - a cursed +0 shield (worn)
 h - a +0 pair of gloves
 o - a +0 pair of boots (worn)
 u - a cursed +0 pair of gauntlets (worn)
 w - a +2 crested helmet (worn)
 M - a +1 cloak (worn)
 P - a +0 dwarven chain mail (worn)
Magical devices
 g - a wand of polymorph (8)
Comestibles
 d - 4 bread rations
 i - an apple
 B - 13 grapes
 T - a rotting chunk of hobgoblin flesh
Scrolls
 k - 2 scrolls of teleportation {unknown}
 l - 5 scrolls of identify
 m - a scroll of remove curse {unknown}
 n - 4 scrolls of fog {unknown}
 z - a scroll of enchant armour {unknown}
 G - a scroll of fear {unknown}
 I - 2 scrolls of recharging {unknown}
 J - a scroll of curse jewellery {unknown}
 R - a scroll of amnesia
Jewellery
 q - an amulet of clarity (around neck)
Potions
 e - 7 potions of curing {unknown}
 f - a potion of poison {unknown}
 s - a potion of mutation {unknown}
 A - a potion of agility {unknown}
 C - 2 potions of heal wounds {unknown}
 D - a potion of porridge {unknown}
 E - 2 potions of restore abilities {unknown}
 F - 2 potions of berserk rage {unknown}
 K - a potion of slowing {unknown}
 S - a potion of invisibility {unknown}
Books
 b - a book of Geomancy

   Spells                             Type                      Level
   Sandblast                          Earth                        1
   Stoneskin                          Transmutation/Earth          2
   Passwall                           Transmutation/Earth          3
   Stone Arrow                        Conjuration/Earth            3
   Petrify                            Transmutation/Earth          4
   Lee's Rapid Deconstruction         Earth                        5
 H - a book of Transfigurations

   Spells                             Type                      Level
   Stoneskin                          Transmutation/Earth          2
   Polymorph                          Hexes/Transmutation          4
   Ice Form                           Ice/Transmutation            4
   Statue Form                        Transmutation/Earth          6
   Dragon Form                        Transmutation                7
Magical staves
 Q - an uncursed staff of wizardry {unknown}


   Skills:
 - Level 2.6 Fighting
 * Level 7.4 Long Blades
 + Level 5.9 Armour
 + Level 5.7 Shields


You had 7 spell levels left.
You didn't know any spells.

Dungeon Overview and Level Annotations

Branches:
Dungeon (6/27)             Temple (0/1) D:4
    Orc: D:6-11

Shops:
D:5 =


Message History

The orc warrior completely misses you.
Your shield and chain mail prevent you from hitting the orc warrior.
The orc warrior is almost dead.
The orc warrior hits you but does no damage.
You hit the orc warrior but do no damage.
The orc warrior is almost dead.
The orc warrior barely misses you.
You hit the orc warrior but do no damage.
The orc warrior is almost dead.
You closely miss the orc warrior.
The orc warrior is almost dead.
The orc warrior barely misses you.
You completely miss the orc warrior.
The orc warrior is almost dead.
You block the orc warrior's attack.
Some of the chunks of flesh in your inventory have completely rotted away.
You hit the orc warrior but do no damage.
The orc warrior is almost dead.
The orc warrior hits you with an orcish flail!
You die...

#.# #........# #...#. #.#
#........# #...#. ###.#
#........# #...#.
....##########........# #...'.
......................# #...#.
.....######...#######.# #...##
.....#....#...#.....#.######.....
.....#....#...#.....#............
.....#..[)#...#o@...#.....)......
.....#....#...'.....#.....)>.....
#....#....#...#######...########.
#....#....#.....o.......# #.
#.......................# #>
#...............#####...# #.
#...................#...########.
....................#............
....................#....#######.


You could see an orc warrior.

Vanquished Creatures
  Prince Ribbit (D:5)
  Eustachio (D:5)
  Edmund (D:5)
  A hungry ghost (D:4)
  A sky beast (D:5)
  An ogre (D:5)
  An ice beast (D:5)
  A centaur (D:5)
  A giant frog (D:6)
  The ghost of Stormphoenix the Traitor, a weakling DsDK of Yredelemnul (D:3)
  A crimson imp (D:6)
  Crazy Yiuf (D:4)
  2 hounds (D:4)
  2 orc priests
  A scorpion (D:4)
  2 orc wizards
  2 worker ants
  A mummy (D:4)
  4 gnolls
  7 adders
  An inept item mimic (D:4)
  An inept feature mimic (D:2)
  2 white imps (D:5)
  A giant mite (D:5)
  2 giant eyeballs
  An iguana skeleton (D:5)
  3 giant geckos
  2 oozes (D:3)
  15 orcs
  A bat skeleton (D:5)
  5 giant cockroaches
  17 goblins
  13 hobgoblins
  2 jackals (D:2)
  9 kobolds
  A quokka (D:5)
  2 ball pythons
  15 bats
  6 giant newts
  An orc zombie (D:6)
  8 rats
  A ballistomycete (D:4)
142 creatures vanquished.

Vanquished Creatures (others)
  A giant spore (D:4)
1 creature vanquished.

Grand Total: 143 creatures vanquished

Notes
Turn   | Place    | Note
--------------------------------------------------------------
     0 | D:1      | Lilouch, the Demigod Fighter, began the quest for the Orb.
     0 | D:1      | Reached XP level 1. HP: 19/19 MP: 2/2
   145 | D:1      | Reached skill level 3 in Armour
   183 | D:1      | Reached XP level 2. HP: 24/26 MP: 3/3
   671 | D:1      | Reached XP level 3. HP: 26/31 MP: 5/5
   797 | D:1      | Found a glowing golden altar of the Shining One.
  1180 | D:2      | Found an iron altar of Okawaru.
  1279 | D:2      | Reached XP level 4. HP: 39/39 MP: 7/7
  1282 | D:2      | Found a bloodstained altar of Trog.
  1778 | D:2      | Found a shattered altar of Ashenzari.
  2054 | D:3      | Noticed Stormphoenix's ghost (weakling DsDK)
  2068 | D:3      | Killed Stormphoenix's ghost
  2068 | D:3      | Reached XP level 5. HP: 30/45 MP: 8/8
  2521 | D:3      | Reached skill level 4 in Long Blades
  3031 | D:4      | Found a staircase to the Ecumenical Temple.
  3038 | D:4      | Noticed a hungry ghost
  3120 | D:4      | Killed a hungry ghost
  3120 | D:4      | Reached XP level 6. HP: 48/51 MP: 10/10
  3197 | D:4      | Found a basalt altar of Yredelemnul.
  3201 | D:4      | Found a radiant altar of Vehumet.
  3446 | D:4      | Reached skill level 5 in Long Blades
  3613 | D:4      | Noticed Crazy Yiuf
  3622 | D:4      | Killed Crazy Yiuf
  3622 | D:4      | Reached XP level 7. HP: 49/58 MP: 6/12
  3779 | D:5      | Entered Level 5 of the Dungeon
  4099 | D:5      | Noticed Prince Ribbit
  4113 | D:5      | Killed Prince Ribbit
  4113 | D:5      | Reached skill level 5 in Armour
  4245 | D:5      | Noticed Edmund
  4265 | D:5      | Killed Edmund
  4265 | D:5      | Reached skill level 6 in Long Blades
  4265 | D:5      | Reached skill level 5 in Shields
  4456 | D:5      | Found Smaug's Jewellery Shop.
  4476 | D:5      | Noticed Eustachio
  4546 | D:5      | Killed Eustachio
  4546 | D:5      | Reached XP level 8. HP: 35/64 MP: 13/13
  5185 | D:5      | Reached skill level 7 in Long Blades
  5530 | D:6      | Noticed a hill giant
  5606 | D:6      | Found a burning altar of Makhleb.
  5610 | D:6      | Paralysed by a giant eyeball for 4 turns
  5616 | D:6      | Paralysed by a giant eyeball for 3 turns
  5770 | D:5      | HP: 3/64 [orc warrior/orcish flail (13)]
  6144 | D:5      | Slain by an orc warrior

Action                   |  1- 3 |  4- 6 |  7- 9 || total
-------------------------+-------+-------+-------++-------
Melee: Falchion          |   147 |   251 |   398 ||   796
       Unarmed           |       |     2 |       ||     2
 Fire: Blowgun           |       |       |     4 ||     4
  Use: Scroll            |       |     4 |       ||     4
